 Dungeon Crawl Stone Soup version 0.25.1-2-g60ff931df9 (webtiles) character file.

Game seed: 6600765451457634458

260086 nicanaca0 the Bludgeoner (level 19, -1/128 HPs)
             Began as a Gargoyle Berserker on Oct 31, 2020.
             Was a High Priest of Trog.
             Slain by an ettin
             ... wielding a +0 dire flail
              (20 damage)
             ... on level 1 of the Vaults on Nov 4, 2020.
             The game lasted 01:53:31 (38073 turns).

nicanaca0 the Bludgeoner (Gargoyle Berserker)      Turns: 38073, Time: 01:53:31

Health: -1/128     AC: 43    Str: 30    XL:     19   Next: 92%
Magic:  26/26      EV:  8    Int: 15    God:    Trog [*****.]
Gold:   5942       SH: 23    Dex: 16    Spells: 18/18 levels left

rFire    + + .     SeeInvis +   a - +9 morningstar (freeze)
rCold    + . .     Gourm    .   f - +0 tower shield
rNeg     + . .     Faith    .   y - +2 plate armour {rF+}
rPois    ∞         Spirit   .   S - +2 helmet {Int+3}
rElec    +         Reflect  .   R - scarf {repulsion}
rCorr    .         Harm     .   O - +0 pair of gloves
MR       ++++.                  Y - +2 pair of boots of Pahucwirgh {Int+2 Dex+3}
Stlth    ..........             X - amulet "Yshrirol" {Acrobat rPois rC+ Str+3}
HPRegen  1.31/turn              C - ring of see invisible
MPRegen  0.20/turn              m - ring "Loggykh" {rF+ MR+ Dex+6}

@: flying, regenerating, repel missiles
A: big wings, clumsy 1, negative energy resistance 1, electricity resistance,
unbreathing, petrification resistance, rot immunity, AC +14
}: 2/15 runes: barnacled, gossamer
a: Stop Flying, Berserk, Trog's Hand, Brothers in Arms, Renounce Religion


You were on level 1 of the Vaults.
You worshipped Trog.
Trog was extremely pleased with you.
You were hungry.

You visited 6 branches of the dungeon, and saw 32 of its levels.
You also visited: Ossuary and Gauntlet.

You collected 6268 gold pieces.
You spent 326 gold pieces at shops.

Inventory:

Hand Weapons
 a - a +9 morningstar of freezing (weapon)
 b - a +3 demon whip of freezing
 n - a +3 morningstar of flaming
 B - a +1 antimagic eveningstar
Missiles
 z - 3 curare-tipped darts
 G - 42 silver javelins (quivered)
 M - 11 throwing nets
 Q - 58 javelins
Armour
 e - a +1 plate armour of cold resistance
 f - a +0 tower shield (worn)
 l - a scarf of invisibility
 y - a +2 plate armour of fire resistance (worn)
 O - a +0 pair of gloves (worn)
 R - a scarf of repulsion (worn)
 S - a +2 helmet of intelligence (worn)
 Y - the +2 pair of boots of Pahucwirgh (worn) {Int+2 Dex+3}
   (You found it on level 4 of the Lair of Beasts)

   It affects your intelligence (+2).
   It affects your dexterity (+3).
Jewellery
 m - the ring "Loggykh" (right hand) {rF+ MR+ Dex+6}
   (You found it in a Gauntlet)

   [ring of protection from magic]

   It affects your dexterity (+6).
   It protects you from fire.
   It affects your resistance to hostile enchantments.
 s - an uncursed ring of resist corrosion
 C - a ring of see invisible (left hand)
 X - the amulet "Yshrirol" (around neck) {Acrobat rPois rC+ Str+3}
   (You found it on level 6 of the Lair of Beasts)

   [amulet of the acrobat]

   It helps you evade while moving and waiting.
   It affects your strength (+3).
   It protects you from cold.
   It protects you from poison.
Wands
 g - a wand of enslavement (6)
 k - a wand of disintegration (44)
 u - a wand of digging (3)
 J - a wand of iceblast (44)
 P - a wand of flame (21)
 U - a wand of acid (37)
Scrolls
 d - 9 scrolls of fear
 h - 9 scrolls of remove curse {@r2}
 j - 7 scrolls of identify {@r1}
 p - 14 scrolls of blinking
 t - 2 scrolls of silence
 F - a scroll of summoning
 H - 6 scrolls of fog
 I - 14 scrolls of teleportation
 K - 4 scrolls of magic mapping
 V - 3 scrolls of immolation
Potions
 i - 10 potions of heal wounds
 o - a potion of lignification
 q - 19 potions of curing {@q1}
 v - 4 potions of resistance
 w - 5 potions of haste
 x - a potion of cancellation
 A - 6 potions of mutation
 L - 2 potions of might
 W - 4 potions of ambrosia
Miscellaneous
 D - a box of beasts
 E - a phantom mirror
 N - a lightning rod (4/4)
 T - a phial of floods
Comestibles
 c - 41 rations
 r - 8 chunks of flesh


   Skills:
 + Level 17.3 Fighting
 - Level 18.0 Maces & Flails
 + Level 17.3 Armour
 - Level 1.6 Dodging
 * Level 17.5 Shields
 - Level 10.0 Evocations


You had 18 spell levels left.
You didn't know any spells.
Your spell library was empty.

Dungeon Overview and Level Annotations

Branches:
Dungeon (15/15)            Temple (0/1) D:6            Lair (6/6) D:9
 Shoals (4/4) Lair:2       Spider (4/4) Lair:2        Slime (0/5) Lair:5
    Orc (2/2) D:9             Elf (0/3) Orc:2        Vaults (1/5) D:14
 Depths (0/5) D:15        Ossuary (visited)         Gauntlet (visited)

Altars:
Ashenzari
Fedhas
Gozag
Hepliaklqana
Kikubaaqudgha
Makhleb
Nemelex Xobeh
Okawaru
Qazlal
Ru
Trog
Uskayaw
Xom
Yredelemnul

Shops:
Orc:1 }   Orc:2 (*}[!(![*

Portals:
Trove: D:11 (show slimy rune of Zot)


Innate Abilities, Weirdness & Mutations

You are resistant to torment.
Your stone body is resilient. (AC +14)
You are immune to poison.
Your large and strong wings let you fly indefinitely.
You resist negative energy. (rN+)
You are resistant to electric shocks. (rElec)
You can survive without breathing.
You are immune to petrification.
You are immune to rotting.
You are clumsy. (Dex -2)


Message History

You block the ettin's attack. The ettin hits you but does no damage.
You hit the ettin. You freeze the ettin.
The ettin is lightly wounded.
The vault sentinel blows a loud note on a signal horn!
You hit the ettin. You freeze the ettin.
The ettin is lightly wounded.
The ettin hits you with a +0 dire flail!
The ettin hits you with a +0 dire flail!!
You block the vault sentinel's attack.
You bludgeon the ettin!! You freeze the ettin!
The ettin is severely wounded.
The ettin hits you with a +0 dire flail!!
* * * LOW HITPOINT WARNING * * *
You block the ettin's attack.
Your skin crawls.
You feel resistant to hostile enchantments.
You are feeling hungry.
You block the vault sentinel's attack.
The ettin hits you with a +0 dire flail!!
You die...

....#†......# #..#
....'.......# #+#.
....######### +.'. ###'#######
######'## #.......# ########
#..+.'..# #.......# #......
#..#'#..# #.......# .....
###).#### #.......# #pC# #..#
#.......# #(@# ######''####
#.......# #..# #..........#
#.......# #..# #..........#
#.......#####..#####..........#
+..........#..........#
#..........'......._..#
############..........#
#..........# #..........#


You could see an ettin and a vault sentinel.

Vanquished Creatures
  Mara (Shoals:4)
  Rupert (Lair:5)
  Polyphemus (Shoals:2)
  Agnes (D:15)
  2 frost giants
  2 vault wardens (Vaults:1)
  Aizul (Shoals:2)
  8 emperor scorpions
  3 ghost moths (Spider:4)
  An orc warlord (Orc:2)
  2 ironheart preservers (Vaults:1)
  3 stone giants
  An entropy weaver (Spider:3)
  Nessos (Lair:5)
  A spark wasp (Spider:4)
  6 dire elephants (Lair:6)
  A minotaur (Gauntlet)
  7 merfolk javelineers
  2 fire dragons
  12 merfolk impalers
  Snorg (D:13)
  A yaktaur captain (Vaults:1)
  The ghost of funkygono the Thaumaturge, a journeyman DsCj of Sif Muna (Lair:4)
  4 vault guards
  Harold (D:7)
  3 hydras
  5 merfolk avatars
  4 centaur warriors
  An anaconda (Lair:6)
  A death knight (D:15)
  2 catoblepae
  9 two-headed ogres
  An ogre mage (Vaults:1)
  4 alligator snapping turtles
  4 satyrs
  9 merfolk aquamancers
  9 death yaks
  2 death scarabs (Gauntlet)
  3 orc high priests (Orc:2)
  A shock serpent (Spider:4)
  A soul eater (Gauntlet)
  Nergalle (Lair:3)
  14 sea snakes
  7 orc knights
  2 unseen horrors
  A lindwurm (Lair:4)
  Pikel (D:5)
  3 necromancers
  7 harpies
  3 wizards
  An ironbrand convoker (Vaults:1)
  11 cyclopes
  2 deep elf magi
  18 fauns
  5 oklob plants
  26 wolf spiders
  24 orb spiders
  6 orc sorcerers
  4 slime creatures
  11 ugly things
  12 manticores
  A moth of wrath (Spider:4)
  17 elephants
  3 human skeletons (Vaults:1)
  10 merfolk sirens
  8 black mambas
  3 vault sentinels (Vaults:1)
  6 water nymphs
  A gargoyle (D:12)
  2 torpor snails
  A stone giant skeleton (Vaults:1)
  10 spiny frogs
  8 centaur skeletons
  A storm dragon simulacrum (Vaults:1)
  2 rime drakes
  5 yaktaurs
  21 demonic crawlers
  8 komodo dragons
  A kobold demonologist (D:15)
  2 tengu conjurers (D:15)
  A freezing wraith (Vaults:1)
  2 queen bees
  3 meliai (Lair:4)
  4 wind drakes
  28 jumping spiders
  40 merfolk
  5 trolls
  4 hornets
  Prince Ribbit (D:7)
  21 blink frogs
  9 snapping turtles
  16 hippogriffs
  14 dream sheep
  A hippogriff (shapeshifter) (D:14)
  A meliai zombie (D:13)
  A spectral black mamba (Gauntlet)
  A shadow (D:14)
  14 water elementals
  21 tarantellas
  51 redbacks
  A spriggan (shapeshifter) (Vaults:1)
  3 wraiths
  43 yaks
  5 wyverns
  7 basilisks
  2 hungry ghosts
  A hog (Spider:4)
  A spectral komodo dragon (Gauntlet)
  A steam dragon (D:14)
  8 humans
  7 vampire mosquitoes
  3 wargs
  11 water moccasins
  A soldier ant (D:13)
  Duvessa (D:7)
  3 ice beasts
  24 orc warriors
  8 porcupines
  2 phantoms
  7 sky beasts
  2 necrophages (D:7)
  A black bear (D:10)
  6 eyes of draining
  16 ogres
  14 wolves
  18 centaurs
  3 boggarts (D:15)
  14 crocodiles
  An elf zombie (Ossuary)
  3 big kobolds
  28 bullfrogs
  3 gnoll sergeants
  A wyvern zombie (D:11)
  Dowan (D:7)
  3 scorpions
  22 wights
  40 killer bees
  4 electric eels
  4 howler monkeys
  10 crimson imps
  4 bullfrog zombies
  5 centaur zombies
  A quasit (D:8)
  3 human zombies (Ossuary)
  5 jellies
  3 bullfrog skeletons
  A gnoll shaman (D:8)
  20 orc priests
  8 hounds
  2 hell rats (Lair:4)
  8 iguanas
  28 orc wizards
  9 worker ants
  2 big kobold zombies (Ossuary)
  A hound zombie (Ossuary)
  A hound skeleton (D:8)
  3 mummies (Ossuary)
  19 gnolls
  A howler monkey skeleton (D:8)
  24 adders
  4 shadow imps
  8 adder zombies
  An adder skeleton (D:8)
  2 worms
  3 dart slugs
  2 leopard geckos (D:6)
  61 orcs
  7 bats
  4 giant cockroaches
  5 goblins
  12 hobgoblins
  12 jackals
  3 quokkas
  A ball python (D:6)
  6 frilled lizards
  4 goblin zombies (Ossuary)
  A hobgoblin zombie (Ossuary)
  3 jackal zombies (Ossuary)
  18 kobolds
  6 kobold zombies (Ossuary)
  A leopard gecko skeleton (D:5)
  2 quokka zombies (Ossuary)
  5 rats
  4 rat zombies (Ossuary)
  3 plants
1290 creatures vanquished.

Vanquished Creatures (collateral kills)
  A ghost moth (Spider:4)
  A merfolk javelineer (D:14)
  2 tengu warriors (D:14)
  An orc knight (Orc:2)
  2 deep elf archers (D:14)
  A wind drake (Shoals:4)
  A water elemental (Shoals:4)
  8 orc warriors
  A black bear (D:9)
  An orc wizard (Orc:2)
  4 orc priests
  11 orcs
34 creatures vanquished.

Vanquished Creatures (others)
  The ghost of Pezulax the Archer, a journeyman GnWn of Zin (D:14)
  A merfolk javelineer (Shoals:4)
  2 merfolk impalers (Shoals:4)
  2 centaur warriors (D:14)
  A merfolk aquamancer (Shoals:4)
  A faun (Shoals:3)
  2 merfolk sirens
  A demonic crawler (Spider:3)
  A jumping spider (Spider:4)
  2 merfolk
  A dream sheep (Shoals:4)
  A water elemental (Shoals:4)
  2 humans (D:14)
  A boggart (D:15)
  A kobold (D:11)
  2 fungi
  42 plants
64 creatures vanquished.

Grand Total: 1388 creatures vanquished

Notes
Turn   | Place    | Note
-------+----------+-------------------------------------------
     0 | D:1      | nicanaca0 the Gargoyle Berserker began the quest for the
                  | Orb.
     0 | D:1      | Reached XP level 1. HP: 14/14 MP: 1/1
   350 | D:1      | Reached XP level 2. HP: 19/19 MP: 2/2
   527 | D:1      | Reached XP level 3. HP: 23/23 MP: 3/3
   654 | D:1      | Reached skill level 4 in Maces & Flails
   788 | D:1      | Reached ** piety under Trog
  1021 | D:2      | Reached XP level 4. HP: 28/28 MP: 4/4
  1072 | D:2      | Reached skill level 5 in Maces & Flails
  1255 | D:2      | Found a blossoming altar of Fedhas.
  1255 | D:2      | Found an ancient bone altar of Kikubaaqudgha.
  1671 | D:2      | Reached XP level 5. HP: 32/32 MP: 5/5
  1894 | D:3      | Found a shattered altar of Ashenzari.
  2181 | D:3      | Found a shimmering altar of Xom.
  2278 | D:3      | Found a bloodstained altar of Trog.
  2278 | D:3      | Found a basalt altar of Yredelemnul.
  2591 | D:4      | Reached XP level 6. HP: 38/38 MP: 6/6
  2729 | D:4      | Reached *** piety under Trog
  2729 | D:4      | Reached skill level 6 in Maces & Flails
  3518 | D:5      | Entered Level 5 of the Dungeon
  3541 | D:5      | Noticed a slave
  3541 | D:5      | Noticed a slave
  3546 | D:5      | Noticed a slave
  3548 | D:5      | Noticed Pikel
  3561 | D:4      | Reached XP level 7. HP: 44/44 MP: 7/7
  3667 | D:5      | Killed Pikel
  3667 | D:5      | Reached skill level 5 in Fighting
  3667 | D:5      | Reached skill level 7 in Maces & Flails
  3667 | D:5      | Reached XP level 8. HP: 42/49 MP: 8/8
  3777 | D:5      | Reached skill level 5 in Armour
  3791 | D:5      | Reached skill level 8 in Maces & Flails
  4147 | D:6      | Found a staircase to the Ecumenical Temple.
  4184 | D:6      | Reached **** piety under Trog
  4372 | D:6      | Reached skill level 9 in Maces & Flails
  4372 | D:6      | Reached XP level 9. HP: 52/56 MP: 9/9
  4491 | D:6      | Found a hide-covered altar of Uskayaw.
  5167 | D:7      | Noticed Dowan
  5167 | D:7      | Noticed Duvessa
  5176 | D:7      | Killed Duvessa
  5176 | D:7      | Reached skill level 10 in Maces & Flails
  5185 | D:7      | Killed Dowan
  5255 | D:7      | Found a hazy altar of Hepliaklqana.
  5263 | D:7      | Noticed Prince Ribbit
  5277 | D:7      | Killed Prince Ribbit
  5360 | D:7      | Noticed Harold
  5386 | D:7      | Killed Harold
  5386 | D:7      | Reached XP level 10. HP: 64/64 MP: 10/10
  5493 | D:7      | Reached ***** piety under Trog
  5722 | D:7      | Reached skill level 11 in Maces & Flails
  6025 | D:8      | Found a sparkling altar of Nemelex Xobeh.
  6306 | D:8      | Found a sand-covered staircase.
  6313 | Ossuary  | Entered an ossuary
  6554 | Ossuary  | Received a gift from Trog
  6929 | D:8      | Found an opulent altar of Gozag.
  7082 | D:8      | Found a stormy altar of Qazlal.
  7776 | D:9      | Noticed a purple ugly thing
  7788 | D:9      | Killed a purple ugly thing
  7788 | D:9      | Reached skill level 12 in Maces & Flails
  7869 | D:9      | Found a sacrificial altar of Ru.
  7874 | D:9      | Found a burning altar of Makhleb.
  7934 | D:9      | Reached XP level 11. HP: 71/71 MP: 11/11
  8090 | D:9      | Found a staircase to the Lair.
  8143 | D:9      | Noticed a two-headed ogre
  8152 | D:9      | Killed a two-headed ogre
  8333 | D:9      | Reached skill level 10 in Fighting
  8404 | D:9      | Received a gift from Trog
  8405 | D:9      | Got a steaming great mace {god gift}
  8405 | D:9      | Identified the +14 great mace of Eternal War {flame, Int+3
                  | Dex+4 Stlth+} (Trog gifted it to you on level 9 of the
                  | Dungeon)
  8588 | D:9      | Found a staircase to the Orcish Mines.
  8728 | D:10     | Entered Level 10 of the Dungeon
  9067 | D:10     | Noticed an unseen horror
  9069 | D:10     | Killed an unseen horror
  9122 | D:10     | Reached skill level 10 in Armour
  9241 | D:10     | Noticed a deep elf mage
  9244 | D:10     | Killed a deep elf mage
  9473 | D:10     | Reached skill level 1 in Evocations
  9704 | D:11     | Found a portal to a secret trove of treasure.
  9704 | D:11     | Noticed a two-headed ogre
  9709 | D:11     | Killed a two-headed ogre
  9709 | D:11     | Reached skill level 13 in Maces & Flails
  9883 | D:11     | Reached XP level 12. HP: 79/79 MP: 13/13
 10833 | D:12     | Reached skill level 1 in Shields
 10881 | D:12     | You fall into a shaft and drop 1 floor!
 10910 | D:13     | Received a gift from Trog
 10931 | D:13     | Got a scorched dire flail {god gift}
 10931 | D:13     | Identified the +1 dire flail of the Distant Future {vorpal,
                  | *Rage Str-3 Int+10} (Trog gifted it to you on level 13 of
                  | the Dungeon)
 11051 | D:13     | Noticed a two-headed ogre
 11060 | D:13     | Killed a two-headed ogre
 11149 | D:13     | Noticed a two-headed ogre
 11155 | D:13     | Killed a two-headed ogre
 11240 | D:13     | Reached skill level 14 in Maces & Flails
 11637 | D:12     | Noticed a six-headed hydra
 11641 | D:12     | Killed a six-headed hydra
 11641 | D:12     | Reached XP level 13. HP: 77/85 MP: 7/15
 12126 | Lair:1   | Entered Level 1 of the Lair of Beasts
 12788 | Lair:2   | Found a staircase to the Shoals.
 13101 | Lair:2   | Found a hole to the Spider Nest.
 13183 | Lair:2   | Received a gift from Trog
 13583 | Lair:2   | Reached skill level 15 in Maces & Flails
 13763 | Lair:2   | You fall into a shaft and drop 2 floors!
 13834 | Lair:4   | Found a gate leading to a gauntlet.
 13851 | Gauntlet | Entered a Gauntlet
 13851 | Gauntlet | Found a transporter.
 13851 | Gauntlet | Found a transporter.
 13860 | Gauntlet | Found a transporter.
 13866 | Gauntlet | Found a transporter.
 13866 | Gauntlet | Found a transporter.
 13869 | Gauntlet | Found a transporter.
 13900 | Gauntlet | Found a transporter.
 13902 | Gauntlet | Found a transporter.
 13902 | Gauntlet | Found a transporter.
 13916 | Gauntlet | Found a transporter.
 13929 | Gauntlet | Found a transporter.
 13936 | Gauntlet | Found a transporter.
 13953 | Gauntlet | Found a transporter.
 13973 | Gauntlet | Found a transporter.
 14080 | Gauntlet | Got a steaming brass ring
 14082 | Gauntlet | Identified the ring "Loggykh" {rF+ MR+ Dex+6} (You found it
                  | in a Gauntlet)
 14136 | Gauntlet | Identified the Catalogue of Ensnaring Venom
 14185 | Gauntlet | Got a clouded diamond amulet
 14186 | Gauntlet | Identified the amulet of Ylyik {Spirit rN++ MP+9 Dex-4
                  | Stlth+} (You found it in a Gauntlet)
 14193 | Gauntlet | Noticed a minotaur
 14202 | Gauntlet | Killed a minotaur
 14369 | Lair:4   | Found a runed translucent door.
 14370 | Lair:4   | Noticed funkygono's ghost (journeyman DsCj)
 14384 | Lair:4   | Killed funkygono's ghost
 14384 | Lair:4   | Gained mutation: Your large and strong wings let you fly
                  | indefinitely. [Gargoyle growth]
 14384 | Lair:4   | Reached XP level 14. HP: 82/94 MP: 16/16
 14481 | Lair:4   | Got a pair of shimmering boots
 14491 | Lair:4   | Identified the +2 pair of boots of Pahucwirgh {Int+2 Dex+3}
                  | (You found it on level 4 of the Lair of Beasts)
 14810 | Lair:4   | Reached skill level 16 in Maces & Flails
 15467 | Lair:4   | Reached ****** piety under Trog
 15735 | Lair:4   | Received a gift from Trog
 15774 | Lair:4   | Identified a scroll of acquirement
 15782 | Lair:4   | Acquired 2900 gold pieces
 16398 | Lair:5   | Noticed Nessos
 16406 | Lair:5   | Killed Nessos
 16469 | Lair:5   | Noticed Rupert
 16485 | Lair:5   | Killed Rupert
 17038 | Lair:5   | Found a staircase to the Slime Pits.
 17299 | Lair:6   | Entered Level 6 of the Lair of Beasts
 17314 | Lair:6   | Reached skill level 5 in Shields
 17727 | Lair:6   | Reached XP level 15. HP: 100/100 MP: 17/17
 18567 | Lair:6   | Got an ancient platinum amulet
 18569 | Lair:6   | Identified the amulet "Yshrirol" {Acrobat rPois rC+ Str+3}
                  | (You found it on level 6 of the Lair of Beasts)
 19066 | Lair:3   | Noticed Nergalle
 19074 | Lair:3   | Killed Nergalle
 20064 | Orc:1    | Entered Level 1 of the Orcish Mines
 20073 | Orc:1    | Found Koutt's Gadget Boutique.
 20360 | Orc:2    | Entered Level 2 of the Orcish Mines
 20360 | Orc:2    | Found Poxkim's Gadget Boutique.
 20373 | Orc:2    | Noticed an orc warlord
 20387 | Orc:2    | Received a gift from Trog
 20391 | Orc:2    | Killed an orc warlord
 20452 | Orc:2    | Found Tohinackei's Antique Armour Emporium.
 20459 | Orc:2    | Found Ewkimaq's Distillery.
 20493 | Orc:2    | Bought a potion of resistance for 100 gold pieces
 20649 | Orc:2    | Found a staircase to the Elven Halls.
 21267 | Orc:2    | Found Oniza's Assorted Antiques.
 21267 | Orc:2    | Found Balocheul's Armour Emporium.
 21269 | Orc:2    | Found Apsig's Weapon Shop.
 21269 | Orc:2    | Found Eliehat's Distillery.
 21275 | Orc:2    | Bought a runed broad axe for 161 gold pieces
 21278 | Orc:2    | Bought a potion of heal wounds for 65 gold pieces
 21305 | Orc:2    | Reached skill level 10 in Shields
 21363 | Orc:2    | Found Caahoqaps's Antique Weapon Boutique.
 21366 | Orc:2    | Found Etesm's General Store.
 21998 | Spider:1 | Entered Level 1 of the Spider Nest
 22304 | Spider:1 | Received a gift from Trog
 22457 | Spider:1 | Reached XP level 16. HP: 78/107 MP: 18/18
 22668 | Spider:1 | Reached skill level 17 in Maces & Flails
 22938 | Spider:1 | Reached skill level 15 in Fighting
 23717 | Spider:2 | Reached skill level 15 in Armour
 24798 | Spider:3 | Reached skill level 5 in Evocations
 25192 | Spider:4 | Entered Level 4 of the Spider Nest
 26226 | Spider:4 | Reached XP level 17. HP: 80/113 MP: 21/21
 26673 | Spider:4 | Received a gift from Trog
 27076 | Spider:4 | Got a gossamer rune of Zot
 27625 | Shoals:1 | Entered Level 1 of the Shoals
 28047 | Shoals:1 | Received a gift from Trog
 29078 | Shoals:2 | Noticed Aizul
 29099 | Shoals:2 | Killed Aizul
 29119 | Shoals:2 | Noticed Polyphemus
 29159 | Shoals:2 | Killed Polyphemus
 29365 | Shoals:2 | Gained mutation: You are clumsy. (Dex -2) [mutagenic glow]
 29383 | Shoals:2 | Reached XP level 18. HP: 75/120 MP: 23/23
 29950 | Shoals:3 | Reached skill level 15 in Shields
 30280 | Shoals:3 | Received a gift from Trog
 31798 | Shoals:4 | Entered Level 4 of the Shoals
 32183 | Shoals:4 | Got a translucent bronze ring
 32363 | Shoals:4 | Noticed Mara
 32369 | Shoals:4 | Noticed nicanaca0's illusion
 32419 | Shoals:4 | Killed Mara
 32513 | Shoals:4 | Received a gift from Trog
 32541 | Shoals:4 | Identified the ring "Peugeaj" {rF- AC+4 Str+5} (You found
                  | it on level 4 of the Shoals)
 33340 | Shoals:4 | Got a barnacled rune of Zot
 33467 | Shoals:4 | Reached XP level 19. HP: 93/127 MP: 25/25
 34536 | D:13     | Noticed Snorg
 34548 | D:13     | Killed Snorg
 35262 | D:14     | Got a warped chain mail
 35263 | D:14     | Identified the cursed +0 chain mail "Gipten" {+Fly Dex+4}
                  | (You found it on level 14 of the Dungeon)
 35341 | D:13     | Identified the cursed +1 chain mail of the Nightingale
                  | {+Inv rElec MR- Dex+3} (You found it on level 13 of the
                  | Dungeon)
 35650 | D:14     | Received a gift from Trog
 35797 | D:14     | Found a gate to the Vaults.
 36196 | D:14     | Found a runed translucent gate.
 36196 | D:14     | Found a runed translucent gate.
 36196 | D:14     | Found a runed translucent gate.
 36196 | D:14     | Found an iron altar of Okawaru.
 36196 | D:14     | Noticed Pezulax's ghost (journeyman GnWn)
 36226 | D:14     | Killed Pezulax's ghost
 36380 | D:15     | Entered Level 15 of the Dungeon
 36380 | D:15     | Noticed Agnes
 36399 | D:15     | Killed Agnes
 36424 | D:15     | HP: 5/127 [titanic slime creature (80)]
 36888 | D:15     | Reached skill level 18 in Maces & Flails
 37297 | D:15     | Found a staircase to the Depths.
 37391 | D:15     | Reached skill level 10 in Evocations
 37562 | Vaults:1 | Entered Level 1 of the Vaults
 37941 | Vaults:1 | Found a basalt altar of Yredelemnul.
 37944 | Vaults:1 | Paralysed by an orc sorcerer for 2 turns
 38073 | Vaults:1 | Slain by an ettin

Illustrated notes

Levels and vault maps discovered:
D:1:      dpeg_arrival_arbitrary_c, layout_basic
D:2:      layout_rooms, grunt_temple_overflow_growth_and_decay
D:3:      layout_rooms, gammafunk_temple_overflow_wave,
          overflow_temple_1_default, lemuel_coloured_pillars_altar
D:4:      layout_basic, first_ration
D:5:      layout_rooms, uniq_pikel
D:6:      layout_loops_ring, eat_drink_and_be_merry_uskayaw,
          minmay_temple_entry_junction_2
D:7:      layout_loops_ring, nicolae_overflow_crystal_walls, uniq_harold,
          uniq_prince_ribbit1, uniq_duvessa
D:8:      layout_basic, kennysheep_little_box, grunt_gozag_statues,
          grunt_qazlal_clouds, chequers_ossuary_entry_cave
D:9:      layout_cave_pools, grunt_temple_overflow_open, lair_entry_dummy,
          david_orc_4
D:10:     layout_basic, hangedman_stone_soup
D:11:     layout_loops_ring, nicolae_trove_entry_free_sample
D:12:     layout_loops_ring
D:13:     layout_loops_corners, special_room [special_room_orc], uniq_snorg
D:14:     layout_basic, ximxim_vaults_locker_room, minmay_misc_feat_diagonals,
          gammafunk_ghost_fury_of_okawaru
D:15:     grunt_enter_depths_magical_seal, layout_rooms,
          statue_in_the_mist_lemuel, chequers_garden, uniq_agnes
Lair:1:   layout_roguey, serial_bayou_lagoon_b
Lair:2:   layout_cave_pods, shoals_dummy_entry,
          nicolae_spider_entry_orb_guardian
Lair:3:   layout_loops_ring, st_stairs_5, beast_lair_carwin_4, uniq_nergalle
Lair:4:   regret_index_combs_of_tragedy, layout_small_grid,
          gauntlet_entry_generic, ebering_ghost_inner_flame, minivault_26,
          grunt_megastairs_1, minmay_lair_oklob_chamber
Lair:5:   minmay_lair_venomous_thicket, layout_regular_city,
          minmay_slime_entry_oklob_enclosed, serial_bayou_lagoon_a,
          grunt_megastairs_3, uniq_nessos, uniq_rupert
Lair:6:   due_jungle_book, layout_hall_layers, serial_bayou_pond_d
Shoals:1: layout_shoals
Shoals:2: layout_shoals, abandoned_shop, uniq_aizul, uniq_polyphemus
Shoals:3: layout_shoals, st_shoals_ruin
Shoals:4: shoals_end_simple, layout_shoals, nicolae_shoals_dead_sea_scrolls,
          uniq_mara
Spider:1: layout_spider_delve
Spider:2: layout_spider_delve, drop_trap
Spider:3: layout_spider_delve
Spider:4: grunt_spider_rune_circles
Orc:1:    layout_diamond_mine, serial_shops, shop
Orc:2:    grunt_orc_tribal_feast, layout_diamond_mine, serial_shops,
          nicolae_shop_crystal, shop, nicolae_shop_crystal, shop_fountains,
          shop_fountains, sword_in_stone
Vaults:1: v_misc_12, v_misc_4, ontoclasm_vaults_loading_screen,
          ontoclasm_vaults_gateway, ontoclasm_vaults_shout, vaults_room_octagon,
          hangedman_vaults_slice, nicolae_vaults_little_squares_3,
          nicolae_vaults_little_squares_5, hangedman_vaults_slice,
          vaults_dpeg_doors, ontoclasm_vaults_twist, nicolae_vaults_asterisk,
          nicolae_vaults_little_squares_2, layout_vaults_maze_snakey,
          basic_altar

Skill      XL: |  1  2  3  4  5  6  7  8  9 10 11 12 13 14 15 16 17 18 19 |
---------------+----------------------------------------------------------+-----
Maces & Flails | 4 5 6 7 9 10 12 13 14 15 16 17 18 | 18.0
Armour         | 3 4 5 7 9 10 11 12 13 14 15 16 17 | 17.3
Fighting       | 4 5 6 8 9 10 11 13 14 15 16 17 | 17.3
Evocations     | 2 3 5 6 8 10 | 10.0
Shields        | 3 6 10 12 14 16 17 | 17.5
Dodging        | |  1.6

Action                   |  1- 3 |  4- 6 |  7- 9 | 10-12 | 13-15 | 16-18 | 19-21 || total
-------------------------+-------+-------+-------+-------+-------+-------+-------++-------
Melee: Mace              |   108 |    99 |       |       |       |       |       ||   207
       Whip              |       |   101 |   302 |   525 |   103 |       |       ||  1031
       Dire flail        |       |       |       |    89 |       |       |       ||    89
       Great mace        |       |       |       |   279 |   322 |   239 |       ||   840
       Morningstar       |       |       |       |       |   564 |  1115 |   571 ||  2250
       Demon whip        |       |       |       |       |       |   160 |       ||   160
       Eveningstar       |       |       |       |       |       |       |    15 ||    15
Throw: Dart              |       |       |    10 |     5 |    10 |     6 |       ||    31
       Javelin           |       |       |     1 |       |       |    26 |       ||    27
Invok: Berserk           |     2 |       |     1 |       |       |       |       ||     3
       Trog's Hand       |       |     2 |     2 |     5 |     9 |    21 |    10 ||    49
       Brothers in Arms  |       |       |       |     1 |     3 |     6 |     1 ||    11
 Abil: Fly               |       |       |       |       |     1 |     1 |       ||     2
       Evoke Invisibilit |       |       |       |       |       |    14 |       ||    14
       Stop Flying       |       |       |       |       |       |     1 |       ||     1
Evoke: Wand              |       |       |       |       |     6 |    57 |     5 ||    68
  Use: Scroll            |       |    12 |     2 |    12 |    16 |     6 |     5 ||    53
       Potion            |       |       |       |     1 |     3 |     4 |     1 ||     9
 Stab: Invisible         |       |       |       |       |     3 |    53 |     4 ||    60
       Paralysed         |       |       |       |       |       |     6 |       ||     6
       Distracted        |       |       |       |       |       |     3 |       ||     3
       Held in net/web   |       |       |       |       |       |     1 |       ||     1
       Petrified         |       |       |       |       |       |     5 |       ||     5
       Confused          |       |       |       |       |       |       |     1 ||     1
  Eat: Chunk             |     1 |     9 |     8 |    17 |    36 |    24 |       ||    95
       Ration            |       |       |       |     2 |     1 |     9 |     5 ||    17
Armor: Plate armour      |    91 |   143 |   118 |   560 |   688 |   905 |   151 ||  2656
       Leather armour    |     6 |       |       |       |       |       |       ||     6
Dodge: Dodged            |    58 |   101 |   109 |   420 |   413 |   538 |    78 ||  1717
       Repelled          |       |       |       |       |     3 |     3 |     7 ||    13
Block: Kite shield       |       |       |       |    39 |   423 |   108 |       ||   570
       Tower shield      |       |       |       |       |       |  1146 |   426 ||  1572
